 Dungeon Crawl Stone Soup version 0.26-a0-1012-gedcf9b2963 (console) character file.

Game seed: 8148568493120885193

7861 Ignak the Reanimator (level 11, -2/81 HPs)
             Began as a Gnoll Necromancer on Dec 7, 2020.
             Was a High Priest of Okawaru.
             Slain by a seven-headed hydra (7 damage)
             ... on level 11 of the Dungeon.
             The game lasted 00:38:16 (13892 turns).

Ignak the Reanimator (Gnoll Necromancer)           Turns: 13892, Time: 00:38:17

Health: -2/81      AC:  8    Str: 11    XL:     11   Next: 21%
Magic:  11/23      EV: 21    Int: 15    God:    Okawaru [*****.]
Gold:   171        SH:  0    Dex: 17    Spells: 14/26 levels left

rFire    + + .     SeeInvis .   c - +3 morningstar {venom, rElec rF++ rN+ Int-4}
rCold    + . .     Faith    .   (no shield)
rNeg     + . .     Spirit   .   B - +1 robe of Follow the Leader {rPois rF+ Slay+6}
rPois    +         Reflect  .   m - +1 helmet
rElec    +         Harm     .   y - +0 cloak
rCorr    .         Rampage  .   A - +0 pair of gloves
Will     .....                  d - +0 pair of boots
Stlth    ++++......             j - amulet of the acrobat
HPRegen  0.23/turn              M - ring "Feuq" {Ice *Contam rElec rPois}
MPRegen  0.18/turn              E - +4 ring of evasion

@: no status effects
A: distributed training, fangs 1, deformed body, MP-powered wands, strong nose
a: Heroism, Finesse, Renounce Religion


You were on level 11 of the Dungeon.
You worshipped Okawaru.
Okawaru was extremely pleased with you.
You visited 2 branches of the dungeon, and saw 12 of its levels.

You collected 860 gold pieces.
You spent 689 gold pieces at shops.

Inventory:

Hand Weapons
 c - the +3 morningstar "Nerog" (weapon) {venom, rElec rF++ rN+ Int-4}
   (You found it on level 8 of the Dungeon)

   It poisons the flesh of those it strikes.
   It affects your intelligence (-4).
   It greatly protects you from fire.
   It insulates you from electricity.
   It protects you from negative energy.
 n - a +2 dagger of draining
 t - a +2 dagger of venom
 w - a +5 battleaxe of freezing
Missiles
 z - 26 poisoned darts
Armour
 b - a scarf of shadows
 d - a +0 pair of boots (worn)
 m - a +1 helmet (worn)
 y - a +0 cloak (worn)
 A - a +0 pair of gloves (worn)
 B - the +1 robe of Follow the Leader (worn) {rPois rF+ Slay+6}
   (You found it on level 8 of the Dungeon)

   It affects your accuracy and damage with ranged weapons and melee attacks
   (+6).
   It protects you from fire.
   It protects you from poison.
Magical Staves
 r - an uncursed staff of earth
Jewellery
 h - an uncursed ring of wizardry
 i - an uncursed amulet of reflection
 j - an amulet of the acrobat (around neck)
 o - an uncursed ring of fire {unknown}
 E - a +4 ring of evasion (right hand)
 M - the ring "Feuq" (left hand) {Ice *Contam rElec rPois}
   (You bought it in a shop on level 6 of the Dungeon)

   [ring of ice]

   It enhances your ice magic.
   It makes you vulnerable to fire.
   It protects you from cold.
   It insulates you from electricity.
   It protects you from poison.
   It causes magical contamination when unequipped.
Wands
 g - a wand of acid (6)
 v - a wand of disintegration (3)
 G - a wand of polymorph (9)
Scrolls
 a - 3 scrolls of blinking
 e - a scroll of enchant armour
 f - 3 scrolls of magic mapping
 q - 6 scrolls of remove curse
 s - 2 scrolls of fear
 u - 7 scrolls of teleportation
 F - 2 scrolls of identify
 H - a scroll of amnesia
 I - a scroll of immolation {unknown}
 J - 2 scrolls of acquirement {unknown}
 L - a scroll of enchant weapon
Potions
 k - 2 potions of cancellation
 l - 2 potions of ambrosia
 p - a potion of attraction {unknown}
 x - 2 potions of brilliance
 C - 2 potions of heal wounds
 D - 2 potions of flight {unknown}
 K - a potion of might
 N - 2 potions of resistance {unknown}


   Skills:
 + Level 6.1 Fighting
 + Level 6.1 Short Blades
 + Level 6.1 Long Blades
 + Level 6.1 Axes
 + Level 6.1 Maces & Flails
 + Level 6.1 Polearms
 + Level 6.1 Staves
 + Level 6.1 Slings
 + Level 6.1 Bows
 + Level 6.1 Crossbows
 + Level 6.1 Throwing
 + Level 6.1 Armour
 + Level 7.7 Dodging
 + Level 7.4 Stealth
 + Level 6.1 Shields
 + Level 6.1 Unarmed Combat
 + Level 8.0 Spellcasting
 + Level 5.0 Conjurations
 + Level 5.0 Hexes
 + Level 5.0 Summonings
 + Level 8.8 Necromancy
 + Level 5.0 Translocations
 + Level 5.0 Transmutations
 + Level 5.0 Fire Magic
 + Level 5.0 Ice Magic
 + Level 5.0 Air Magic
 + Level 5.0 Earth Magic
 + Level 5.0 Poison Magic
 + Level 6.7 Invocations
 + Level 6.1 Evocations


You had 14 spell levels left.
You knew the following spells:

 Your Spells              Type           Power        Failure   Level
a - Pain                  Necr           ####         1%          1
b - Animate Dead          Necr           ####......   3%          4
c - Vampiric Draining     Necr           ####......   1%          3
d - Wereblood             Tmut           ###.....     2%          2
f - Searing Ray           Conj           ###...       2%          2

Your spell library contained the following spells:

 Spells                   Type           Power        Failure   Level
 Animate Skeleton         Necr           ####..       1%          1
 Apportation              Tloc           ###...       1%          1
 Beastly Appendage        Tmut           ###...       1%          1
 Corona                   Hex            ###....      1%          1
 Magic Dart               Conj           ###.         1%          1
 Summon Small Mammal      Summ           ###.         1%          1
 Dazzling Flash           Conj/Hex       ###...       4%          3
 Spider Form              Tmut/Pois      ###.......   4%          3
 Agony                    Necr           ####....     9%          5
 Fulminant Prism          Conj/Hex       ###.......   16%         4
 Ice Form                 Ice/Tmut       ####....     16%         4
 Iskenderun's Mystic Bla  Conj/Tloc      ###.....     16%         4
 Blade Hands              Tmut           ###.......   38%         5


Dungeon Overview and Level Annotations

Branches:
Dungeon (11/15)            Temple (1/1) D:5            Lair (0/6) D:9
    Orc: D:9-12

Altars:
Ashenzari
Cheibriados
Dithmenos
Fedhas
Gozag
Hepliaklqana
Kikubaaqudgha
Makhleb
Nemelex Xobeh
Okawaru
Qazlal
Ru
Sif Muna
Trog
Uskayaw
Vehumet
Wu Jian
Xom
Yredelemnul
Zin
The Shining One

Shops:
D:5 }   D:6 =   D:11 *


Innate Abilities, Weirdness & Mutations

Your experience applies equally to all skills.
You have very sharp teeth.
Your uncanny sense of smell can sniff out nearby items.
Armour fits poorly on your strangely shaped body.
You expend magic power (3 MP) to strengthen your wands.


Message History

The seven-headed hydra bites you!
* * * LOW HITPOINT WARNING * * *
The seven-headed hydra completely misses you.
The seven-headed hydra barely misses you.
The seven-headed hydra misses you. x2
The seven-headed hydra bites you but does no damage.
Casting: Searing Ray (safe; 2% risk of failure)
Confirm with . or Enter, or press ? or * to list all spells.
Aiming: Vampiric Draining (safe; 1% risk of failure)
Press: ? - help, Shift-Dir - straight line, f - seven-headed hydra
Aim: a seven-headed hydra (severely wounded)
The seven-headed hydra is severely wounded.
You feel life coursing into your body.
The seven-headed hydra completely misses you. x2
The seven-headed hydra bites you!!
* * * LOW HITPOINT WARNING * * *
The seven-headed hydra misses you.
The seven-headed hydra bites you but does no damage. x2
The seven-headed hydra bites you!
You die...

.######## ##########
......<.# #........#
....###.# #.######.#
.....##.###.#### #†#
.............∩.# #.#
##.####.###.#..# #)# #.#
#.##)###.# .. ..#
#.().....# .# ####
######@### ..# #D# ...
## #(# #.## ####.###(#
#..##
........(########...####
.........(((...........+
.##..................###
##.##>..............#
##.#......(#.#[.....#


You could see a seven-headed hydra.

Vanquished Creatures
  A two-headed ogre (D:11)
  An unseen horror (D:10)
  A cyclops (D:11)
  The ghost of spacewizard the Chopper, a novice HOFi of Hepliaklqana (D:5)
  A troll (D:11)
  Prince Ribbit (D:8)
  2 wyverns
  11 yaks
  A vampire mosquito (D:11)
  5 ice beasts
  A phantom (D:5)
  6 ogres
  3 centaurs
  2 big kobolds
  A bullfrog (D:11)
  3 scorpions
  A wyvern skeleton (D:11)
  12 wights
  3 howler monkeys (D:10)
  3 hounds
  A jelly (D:3)
  4 quasits
  A bullfrog zombie (D:5)
  2 bullfrog skeletons
  5 orc priests
  Crazy Yiuf (D:7)
  Jessica (D:4)
  3 iguanas
  7 orc wizards
  7 worker ants
  3 hound zombies
  A hound skeleton (D:7)
  A worker ant zombie (D:5)
  Robin (D:2)
  2 howler monkey skeletons
  19 adders
  2 shadow imps (D:5)
  3 white imps
  An ufetubus (D:8)
  3 adder zombies
  2 adder skeletons (D:4)
  2 worms (D:3)
  A dart slug (D:3)
  10 leopard geckos
  23 orcs
  5 bats
  6 giant cockroaches
  11 goblins
  7 hobgoblins
  2 quokkas
  3 ball pythons
  4 frilled lizards
  10 kobolds
  A leopard gecko zombie (D:7)
  7 rats
222 creatures vanquished.

Vanquished Creatures (others)
  8 plants (D:1)
8 creatures vanquished.

Grand Total: 230 creatures vanquished

Notes
Turn   | Place    | Note
-------+----------+-------------------------------------------
     0 | D:1      | Ignak the Gnoll Necromancer began the quest for the Orb.
     0 | D:1      | Reached XP level 1. HP: 13/13 MP: 6/6
   405 | D:1      | Reached XP level 2. HP: 16/19 MP: 4/7
  1167 | D:2      | Found a shimmering altar of Xom.
  1168 | D:2      | Found a shimmering altar of Xom.
  1176 | D:2      | Found a shimmering altar of Xom.
  1176 | D:2      | Found a shimmering altar of Xom.
  1184 | D:2      | Found a shimmering altar of Xom.
  1189 | D:2      | Reached XP level 3. HP: 18/25 MP: 5/9
  1193 | D:2      | Learned a level 3 spell: Vampiric Draining
  1288 | D:2      | Reached skill level 5 in Spellcasting
  1288 | D:2      | Noticed Robin
  1538 | D:2      | Killed Robin
  1539 | D:2      | Reached skill level 1 in Invocations
  1639 | D:2      | Reached skill level 1 in Fighting
  1639 | D:2      | Reached skill level 1 in Short Blades
  1639 | D:2      | Reached skill level 1 in Long Blades
  1639 | D:2      | Reached skill level 1 in Axes
  1639 | D:2      | Reached skill level 1 in Maces & Flails
  1639 | D:2      | Reached skill level 1 in Polearms
  1639 | D:2      | Reached skill level 1 in Staves
  1639 | D:2      | Reached skill level 1 in Slings
  1639 | D:2      | Reached skill level 1 in Bows
  1639 | D:2      | Reached skill level 1 in Crossbows
  1639 | D:2      | Reached skill level 1 in Throwing
  1639 | D:2      | Reached skill level 1 in Armour
  1639 | D:2      | Reached skill level 1 in Shields
  1639 | D:2      | Reached skill level 1 in Unarmed Combat
  1639 | D:2      | Reached skill level 1 in Evocations
  1646 | D:2      | Reached XP level 4. HP: 27/32 MP: 6/11
  1700 | D:2      | Learned a level 4 spell: Animate Dead
  1856 | D:2      | Found a shimmering altar of Xom.
  2404 | D:3      | Found an ancient bone altar of Kikubaaqudgha.
  2461 | D:3      | Reached skill level 1 in Conjurations
  2461 | D:3      | Reached skill level 1 in Hexes
  2461 | D:3      | Reached skill level 1 in Summonings
  2461 | D:3      | Reached skill level 1 in Translocations
  2461 | D:3      | Reached skill level 1 in Transmutations
  2461 | D:3      | Reached skill level 1 in Fire Magic
  2461 | D:3      | Reached skill level 1 in Ice Magic
  2461 | D:3      | Reached skill level 1 in Air Magic
  2461 | D:3      | Reached skill level 1 in Earth Magic
  2461 | D:3      | Reached skill level 1 in Poison Magic
  2724 | D:3      | Reached XP level 5. HP: 35/37 MP: 2/12
  2968 | D:3      | Found a basalt altar of Yredelemnul.
  2968 | D:3      | Found a glowing golden altar of the Shining One.
  3094 | D:3      | Noticed an angel
  3217 | D:3      | Noticed a profane servitor
  3415 | D:3      | Reached XP level 6. HP: 30/44 MP: 3/13
  3835 | D:4      | Reached skill level 5 in Dodging
  3903 | D:4      | Noticed Jessica
  3907 | D:4      | Killed Jessica
  3923 | D:4      | Found a shimmering blue altar of Sif Muna.
  4126 | D:4      | Reached XP level 7. HP: 47/50 MP: 11/15
  4588 | D:5      | Entered Level 5 of the Dungeon
  4588 | D:5      | Found Sycri's Gadget Shoppe.
  4698 | D:5      | Reached skill level 5 in Stealth
  4890 | D:5      | Found a runed translucent door.
  4909 | D:5      | Noticed spacewizard's ghost (novice HOFi)
  5483 | D:5      | Reached XP level 8. HP: 38/57 MP: 16/16
  5883 | D:5      | Found a staircase to the Ecumenical Temple.
  5986 | Temple   | Entered the Ecumenical Temple
  6081 | Temple   | Became a worshipper of Warmaster Okawaru
  6179 | D:6      | Found Eshirau's Jewellery Boutique.
  6390 | D:6      | Gained mutation: You are weak. (Str -2) [potion of
                  | mutation]
  6390 | D:6      | Gained mutation: Armour fits poorly on your strangely
                  | shaped body. [potion of mutation]
  6390 | D:6      | Lost mutation: You are weak. (Str -2) [potion of mutation]
  6390 | D:6      | Gained mutation: You expend magic power (3 MP) to
                  | strengthen your wands. [potion of mutation]
  7037 | D:5      | Bought a wand of disintegration (19) for 276 gold pieces
  7437 | D:6      | Reached * piety under Okawaru
  7559 | D:6      | Reached XP level 9. HP: 51/65 MP: 18/18
  8557 | D:7      | Found the +2 hat of the Bear Spirit {Spirit, +Rage rN+
                  | WL++}
  9118 | D:7      | Found a runed translucent door.
  9119 | D:7      | Noticed Crazy Yiuf
  9123 | D:7      | Killed Crazy Yiuf
  9289 | D:7      | HP: 2/65 [yak (17)]
  9338 | D:7      | Reached ** piety under Okawaru
  9761 | D:7      | Reached skill level 5 in Invocations
  9925 | D:5      | Killed spacewizard's ghost
 10289 | D:7      | Found a snail-covered altar of Cheibriados.
 10384 | D:8      | Got a ripped robe
 10392 | D:8      | Identified the cursed +1 robe of Follow the Leader {rPois
                  | rF+ Slay+6} (You found it on level 8 of the Dungeon)
 10429 | D:8      | Found a radiant altar of Vehumet.
 10555 | D:8      | Reached XP level 10. HP: 73/73 MP: 20/20
 10566 | D:8      | Learned a level 2 spell: Wereblood
 10749 | D:8      | Noticed Prince Ribbit
 10775 | D:8      | Killed Prince Ribbit
 10783 | D:8      | Reached skill level 5 in Fighting
 10783 | D:8      | Reached skill level 5 in Short Blades
 10783 | D:8      | Reached skill level 5 in Long Blades
 10783 | D:8      | Reached skill level 5 in Axes
 10783 | D:8      | Reached skill level 5 in Maces & Flails
 10783 | D:8      | Reached skill level 5 in Polearms
 10783 | D:8      | Reached skill level 5 in Staves
 10783 | D:8      | Reached skill level 5 in Slings
 10783 | D:8      | Reached skill level 5 in Bows
 10783 | D:8      | Reached skill level 5 in Crossbows
 10783 | D:8      | Reached skill level 5 in Throwing
 10783 | D:8      | Reached skill level 5 in Armour
 10783 | D:8      | Reached skill level 5 in Shields
 10783 | D:8      | Reached skill level 5 in Unarmed Combat
 10783 | D:8      | Reached skill level 5 in Evocations
 10818 | D:8      | Learned a level 2 spell: Searing Ray
 10922 | D:8      | Reached *** piety under Okawaru
 11173 | D:8      | Got a scorched morningstar
 11174 | D:8      | Identified the cursed +3 morningstar "Nerog" {venom, rElec
                  | rF++ rN+ Int-4} (You found it on level 8 of the Dungeon)
 11657 | D:9      | Found a staircase to the Lair.
 12213 | D:6      | Bought the ring "Feuq" {Ice *Contam rElec rPois} for 413
                  | gold pieces
 12352 | D:10     | Entered Level 10 of the Dungeon
 12357 | D:10     | Got a smelly leather armour
 12374 | D:9      | Identified the +1 leather armour of Zin's Hatred {+Fly}
                  | (You found it on level 10 of the Dungeon)
 12545 | D:10     | Killed an unseen horror
 13073 | D:10     | Reached **** piety under Okawaru
 13511 | D:11     | Found Zecicym's General Store.
 13564 | D:11     | Noticed a cyclops
 13567 | D:11     | Noticed a two-headed ogre
 13581 | D:11     | Killed a two-headed ogre
 13582 | D:11     | Reached XP level 11. HP: 63/81 MP: 4/22
 13587 | D:11     | Killed a cyclops
 13662 | D:11     | Reached skill level 5 in Conjurations
 13662 | D:11     | Reached skill level 5 in Hexes
 13662 | D:11     | Reached skill level 5 in Summonings
 13662 | D:11     | Reached skill level 5 in Translocations
 13662 | D:11     | Reached skill level 5 in Transmutations
 13662 | D:11     | Reached skill level 5 in Fire Magic
 13662 | D:11     | Reached skill level 5 in Ice Magic
 13662 | D:11     | Reached skill level 5 in Air Magic
 13662 | D:11     | Reached skill level 5 in Earth Magic
 13662 | D:11     | Reached skill level 5 in Poison Magic
 13668 | D:11     | Reached ***** piety under Okawaru
 13870 | D:11     | Noticed a seven-headed hydra
 13892 | D:11     | Slain by a seven-headed hydra

Illustrated notes

Levels and vault maps discovered:
D:1:      dpeg_chamrin_arrival_tetris, layout_basic, st_stairs_14,
          kennysheep_small_spiral, chequers_big_river, kennysheep_another_room
D:2:      layout_basic, xom_redecorated, uniq_robin
D:3:      layout_loops_ring, grunt_temple_overflow_holy_war, old_standard_altar
D:4:      layout_basic, tgw_sif
D:5:      layout_layer_cave, temple_hall, serial_shops, shop,
          ebering_ghost_sewer_d
D:6:      layout_cave_pools, serial_shops, shop
D:7:      layout_loops_corners, lemuel_round_altar, uniq_crazy_yiuf_cottage
D:8:      layout_cave_pools, kennysheep_mini, uniq_prince_ribbit1
D:9:      layout_irregular_city, dpeg_oklobed_lair
D:10:     layout_stronghold
D:11:     minmay_the_grid_octo_tiled_squarecenter_mashed
          [minmay_the_grid_octo_concentric, minmay_the_grid_octo_thin_diamonds,
          minmay_the_grid_octo_teeth, minmay_the_grid_octo_clover,
          minmay_the_grid_square_5x5_megaprize_hollow,
          minmay_the_grid_square_5x5_six, minmay_the_grid_square_5x5_dogpile,
          minmay_the_grid_square_5x5_two_walls_a,
          minmay_the_grid_square_5x5_pentomino_r], layout_loops_corners,
          serial_shops, shop, basic_altar, uniq_snorg, uniq_erolcha
Temple:   regret_index_temple_waves

Skill      XL: |  1  2  3  4  5  6  7  8  9 10 11 |
---------------+----------------------------------+-----
Spellcasting   | 5 6 7 8 |  8.0
Invocations    | 1 2 3 4 5 6 |  6.7
Fighting       | 1 2 3 4 5 6 |  6.1
Short Blades   | 1 2 3 4 5 6 |  6.1
Long Blades    | 1 2 3 4 5 6 |  6.1
Axes           | 1 2 3 4 5 6 |  6.1
Maces & Flails | 1 2 3 4 5 6 |  6.1
Polearms       | 1 2 3 4 5 6 |  6.1
Staves         | 1 2 3 4 5 6 |  6.1
Slings         | 1 2 3 4 5 6 |  6.1
Bows           | 1 2 3 4 5 6 |  6.1
Crossbows      | 1 2 3 4 5 6 |  6.1
Throwing       | 1 2 3 4 5 6 |  6.1
Armour         | 1 2 3 4 5 6 |  6.1
Shields        | 1 2 3 4 5 6 |  6.1
Unarmed Combat | 1 2 3 4 5 6 |  6.1
Evocations     | 1 2 3 4 5 6 |  6.1
Conjurations   | 1 2 3 4 5 |  5.0
Hexes          | 1 2 3 4 5 |  5.0
Summonings     | 1 2 3 4 5 |  5.0
Translocations | 1 2 3 4 5 |  5.0
Transmutations | 1 2 3 4 5 |  5.0
Fire Magic     | 1 2 3 4 5 |  5.0
Ice Magic      | 1 2 3 4 5 |  5.0
Air Magic      | 1 2 3 4 5 |  5.0
Earth Magic    | 1 2 3 4 5 |  5.0
Poison Magic   | 1 2 3 4 5 |  5.0
Dodging        | 5 6 7 |  7.7
Stealth        | 5 6 7 |  7.4
Necromancy     | 8 |  8.8

Action                   |  1- 3 |  4- 6 |  7- 9 | 10-12 || total
-------------------------+-------+-------+-------+-------++-------
Melee: Unarmed           |    16 |       |       |       ||    16
       Bite              |     3 |     9 |    35 |    14 ||    61
       Short sword       |    10 |       |       |       ||    10
       Club              |     4 |    59 |       |       ||    63
       Dagger            |       |    19 |   189 |       ||   208
       Punch             |       |     1 |     1 |     2 ||     4
       Staff             |       |       |    12 |       ||    12
       Battleaxe         |       |       |    99 |    26 ||   125
       Morningstar       |       |       |       |    95 ||    95
 Cast: Pain              |    41 |    40 |     8 |       ||    89
       Vampiric Draining |     1 |    11 |    30 |    14 ||    56
       Searing Ray       |       |       |       |    13 ||    13
Invok: Heroism           |       |       |     3 |     2 ||     5
Evoke: Wand              |       |       |    16 |       ||    16
  Use: Potion            |       |       |    10 |     1 ||    11
       Scroll            |       |       |    18 |     3 ||    21
 Stab: Sleeping          |     5 |     4 |     7 |    10 ||    26
       Distracted        |       |       |       |     1 ||     1
Armor: Robe              |     7 |       |     2 |    28 ||    37
       Animal skin       |       |    25 |    60 |       ||    85
Dodge: Dodged            |    43 |    71 |   265 |   244 ||   623
Block: Other             |       |       |    21 |     8 ||    29
       Reflection        |       |       |     1 |       ||     1

Table legend: (Time is in decaauts)
 A = Elapsed time spent in this place.
 B = Non-inter-level travel time spent in this place.
 C = Inter-level travel time spent in this place.
 D = Time resting spent in this place.
 E = Time spent auto-exploring this place.
 F = Levels seen in this place.
 G = Mean time per level.
                   A        B        C        D        E       F      G
               +--------+--------+--------+--------+--------+-----+--------+
         Total |  13978 |  13407 |    571 |   2807 |   7010 |  12 | 1164.8 |
       Dungeon |  13858 |  13309 |    549 |   2807 |   6925 |  11 | 1259.8 |
        Temple |    119 |     98 |     21 |      0 |     85 |   1 |  119.0 |
               +--------+--------+--------+--------+--------+-----+--------+

Top non-repeatable levels by time:
     D:5: 2381 daAuts
     D:7: 2199 daAuts
     D:3: 1473 daAuts
     D:1: 1305 daAuts
     D:6: 1180 daAuts
    D:10: 1134 daAuts
     D:4: 1048 daAuts
     D:8: 987 daAuts
     D:2: 880 daAuts
     D:9: 880 daAuts
    D:11: 387 daAuts
  Temple: 119 daAuts
